 Dungeon Crawl Stone Soup version 0.20.1-1-g8b1a95d (console) character file.

145098 hilaritas the Peltast (level 17, 0/166 HPs)
             Began as a Hill Orc Berserker on Oct 22, 2017.
             Was a High Priest of Trog.
             Slain by an eight-headed hydra (5 damage)
             ... on level 4 of the Swamp on Oct 24, 2017.
             The game lasted 01:31:02 (34957 turns).

hilaritas the Peltast (Hill Orc Berserker)         Turns: 34957, Time: 01:31:02

Health: 0/166      AC: 23    Str: 27    XL:     17   Next: 41%
Magic:  8/8        EV: 10    Int:  9    God:    Trog [*****.]
Gold:   1755       SH: 25    Dex:  8    Spells: 16/16 levels left

rFire    + . .     SeeInvis +   A - +5 demon whip {antimagic, MR+}
rCold    + . .     Gourm    .   O - +0 large shield
rNeg     + + +     Faith    .   w - +3 chain mail "Cioll" {*Drain rN+++ Dex-2}
rPois    .         Spirit   .   E - +0 helmet
rElec    .         Reflect  +   k - +0 cloak
rCorr    .         Harm     .   d - +2 pair of gloves
MR       ++++.                  V - +1 pair of boots of the Hanged Man {Int+2}
Stlth    ..........             N - amulet of Tohuogann {Reflect rC+ MP+9 SH+2 SInv}
Regen    1.4/turn               I - ring of protection from fire
MPRegen  0.2/turn               R - +3 ring of slaying

@: lethally poisoned (0 -> -97), regenerating, very slow
A: no striking features
a: Berserk, Trog's Hand, Brothers in Arms, Burn Spellbooks, Renounce Religion


You were on level 4 of the Swamp.
You worshipped Trog.
Trog was extremely pleased with you.
You were very hungry.

You visited 4 branches of the dungeon, and saw 27 of its levels.
You also visited: Ice Cave.

You collected 2483 gold pieces.
You spent 728 gold pieces at shops.

Inventory:

Hand Weapons
 q - a +3 eveningstar of protection
 v - a +2 battleaxe of flaming
 A - the +5 demon whip "Spellbinder" (weapon) {antimagic, MR+}
   (You found it on level 8 of the Dungeon)

   It reduces the magical energy of the wielder, and disrupts the spells and
   magical abilities of those hit.
   Natural abilities and divine invocations are not affected.
   It affects your resistance to hostile enchantments.
 Y - a +7 broad axe of venom
Missiles
 L - 13 javelins (quivered)
Armour
 d - a +2 pair of gloves (worn)
 k - a +0 cloak (worn)
 w - the +3 chain mail "Cioll" (worn) {*Drain rN+++ Dex-2}
   (You found it on level 4 of the Lair of Beasts)

   It affects your dexterity (-2).
   It renders you almost immune to negative energy.
   It causes draining when unequipped.
 E - a +0 helmet (worn)
 O - a +0 large shield (worn)
 V - the +1 pair of boots of the Hanged Man (worn) {Int+2}
   (You found it on level 5 of the Lair of Beasts)

   It affects your intelligence (+2).
Jewellery
 I - a ring of protection from fire (left hand)
 N - the amulet of Tohuogann (around neck) {Reflect rC+ MP+9 SH+2 SInv}
   (You acquired it on level 1 of the Orcish Mines)

   [amulet of reflection]

   It shields you and reflects attacks.
   It protects you from cold.
   It affects your magic capacity (+9).
   It lets you see invisible.
   It affects your SH (+2).
 R - a +3 ring of slaying (right hand)
 Z - an uncursed ring of positive energy
Wands
 u - a wand of lightning (7/15)
 T - a wand of disintegration (11/24)
 U - a wand of acid (10/15)
Scrolls
 a - 4 scrolls of enchant weapon
 b - 5 scrolls of enchant armour
 e - 5 scrolls of identify
 g - a scroll of blinking
 i - 18 scrolls of remove curse
 s - 6 scrolls of recharging
 x - 17 scrolls of teleportation
 y - a scroll of silence
 F - 4 scrolls of fog
 K - 6 scrolls of fear
 S - a scroll of magic mapping
Potions
 l - 2 potions of magic
 m - a potion of mutation
 n - 2 potions of might
 o - 2 potions of ambrosia
 p - 2 potions of cancellation
 r - 4 potions of heal wounds
 B - 3 potions of resistance
 C - 5 potions of brilliance
 D - 4 potions of curing
 H - 6 potions of haste
 M - 2 potions of agility
 P - 3 potions of invisibility
 W - 2 potions of berserk rage
 X - 2 potions of flight
Books
 t - a book of Transfigurations

   Spells                             Type                      Level
   a - Irradiate                      Conjuration/Transmutation    5
   b - Statue Form                    Transmutation/Earth          6
   c - Hydra Form                     Transmutation                6
   d - Dragon Form                    Transmutation                7
   Trog disapproves of the use of such an item.
 z - a book of Necromancy

   Spells                             Type                      Level
   a - Pain                           Necromancy                   1
   b - Animate Skeleton               Necromancy                   1
   c - Vampiric Draining              Necromancy                   3
   d - Regeneration                   Charms/Necromancy            3
   e - Animate Dead                   Necromancy                   4
   f - Control Undead                 Necromancy                   4
   Trog disapproves of the use of such an item.
 G - a book of Clouds

   Spells                             Type                      Level
   a - Poisonous Vapours              Poison/Air                   2
   b - Mephitic Cloud                 Conjuration/Poison/Air       3
   c - Conjure Flame                  Conjuration/Fire             3
   d - Freezing Cloud                 Conjuration/Ice/Air          6
   e - Ring of Flames                 Charms/Fire                  7
   Trog disapproves of the use of such an item.
 Q - a book of Changes

   Spells                             Type                      Level
   a - Beastly Appendage              Transmutation                1
   b - Sticks to Snakes               Transmutation                2
   c - Spider Form                    Transmutation/Poison         3
   d - Ice Form                       Ice/Transmutation            4
   e - Blade Hands                    Transmutation                5
   Trog disapproves of the use of such an item.
Miscellaneous
 J - a phantom mirror
Comestibles
 c - 12 bread rations
 f - 16 royal jellies
 h - 15 fruits
 j - 14 meat rations


   Skills:
 + Level 18.5 Fighting
 - Level 10.1(12.8) Axes
 - Level 11.0(12.1) Maces & Flails
 - Level 10.2 Armour
 - Level 6.2 Dodging
 * Level 20.6 Shields


You had 16 spell levels left.
You didn't know any spells.

Dungeon Overview and Level Annotations

Branches:
Dungeon (15/15)            Temple (0/1) D:4            Lair (6/6) D:9
  Swamp (4/4) Lair:4       Spider (0/4) Lair:3        Slime (0/5) Lair:5
    Orc (2/2) D:11            Elf (0/3) Orc:2        Vaults (0/5) D:13
 Depths (0/5) D:15

Altars:
Ashenzari
Cheibriados
Dithmenos
Fedhas
Gozag
Kikubaaqudgha
Makhleb
Okawaru
Qazlal
Ru
Vehumet
Xom
The Shining One
Beogh

Shops:
D:6 %   D:12 %   Orc:1 ?   Orc:2 }%

Annotations:
D:9 exclusion: statue
D:12 Fannar, Frances
Lair:3 exclusion: 2 oklob plants
Lair:5 exclusion: 2 oklob plants
Abyss:1 Kirke


Message History

You hear a roar!
You hit the swamp dragon but do no damage.
The swamp dragon is moderately wounded.
You are engulfed in poison gas.
You are more poisoned.
* * * LOW HITPOINT WARNING * * *
x2 You feel very sick.
Your unstable footing causes you to fumble your attack.
You are engulfed in poison gas.
You are more poisoned.
* * * LOW HITPOINT WARNING * * *
x2 You feel very sick.
You block the swamp dragon's attack. The swamp dragon closely misses you. x2
You feel much better.
You are engulfed in poison gas.
You are more poisoned.
* * * LOW HITPOINT WARNING * * *
x2 You feel extremely sick.
You block the eight-headed hydra's attack.
The eight-headed hydra bites you.
You die...

♣♣≈≈≈≈≈≈....≈≈≈≈.♣ ♣♣
♣....≈≈.§≈≈..≈≈≈♣♣ .♣≈
♣...≈≈.≈≈≈≈.≈§≈♣♣ ..≈.
♣♣♣≈≈...≈≈≈≈≈.≈≈.♣♣
♣.≈≈♣♣≈.≈.≈≈≈≈≈≈≈[♣♣♣♣≈♣♣
♣.§≈♣.≈..♣..≈≈≈≈≈.≈≈PP(.♣
♣≈.§§♣.≈≈.≈≈≈.♣♣}≈PP≈≈.
♣#§§§♣♣♣♣♣...♣♣♣.≈≈P≈≈≈
#♣#§§♣♣ ♣..≈≈≈♣.≈≈P≈..
##§D♣♣♣..♣♣.^≈≈PP≈.≈
##@D♣...♣♣≈≈≈≈PP♣♣♣
##D≈..♣ ♣≈≈≈≈P♣♣♣≈
#D≈.....♣♣.≈≈P≈♣.
§.≈.≈≈≈.≈.§≈..≈..
.♣#.≈≈≈.♣♣§≈≈≈≈.≈≈ ♣#
.≈.≈♣♣♣.≈≈≈≈..≈ ≈...♣
♣♣.≈.≈♣♣♣ .♣..≈ ♣≈♣≈≈♣ ♣
.♣♣≈≈. ♣♣♣♣♣♣


You could see an eight-headed hydra, a five-headed hydra and 2 swamp dragons.

Vanquished Creatures
  Jorgrun (Swamp:2)
  Agnes (D:15)
  A thorn hunter (Swamp:4)
  Roxanne (D:15)
  Louise (Swamp:2)
  An orc warlord (Orc:1)
  A very ugly thing (Swamp:2)
  A stone giant (D:15)
  The ghost of Elmdore the Geomancer, a journeyman GrEE of Hepliaklqana (Lair:6)
  2 blizzard demons (IceCv)
  A fire dragon (D:14)
  Josephine (D:12)
  Harold (Lair:1)
  4 vault guards (D:13)
  A catoblepas (D:14)
  12 hydras
  3 alligators
  A centaur warrior (D:13)
  The ghost of Regeox the Basher, a novice MiBe of Trog (Orc:1)
  A ghost crab (Swamp:2)
  7 two-headed ogres
  5 death yaks
  Urug (D:12)
  2 tengu warriors (D:13)
  8 skeletal warriors
  5 unseen horrors
  A swamp dragon (Swamp:2)
  2 wizards
  Pikel (D:8)
  3 orc knights (Orc:2)
  6 orc sorcerers
  3 manticores
  4 cyclopes
  18 ugly things
  9 elephants
  4 black mambas
  Maurice (D:8)
  2 ice statues (IceCv)
  A gargoyle (D:12)
  A torpor snail (Lair:5)
  2 kobold demonologists
  4 rime drakes
  31 spiny frogs
  10 ice devils (IceCv)
  11 komodo dragons
  2 anaconda simulacra (IceCv)
  A golden dragon simulacrum (IceCv)
  3 jumping spiders (Lair:3)
  6 tyrant leeches
  3 polar bears
  A troll (shapeshifter) (D:13)
  7 trolls
  8 hornets
  4 bog bodies
  20 blink frogs
  24 slime creatures
  8 hippogriffs
  19 dream sheep
  A dream sheep (shapeshifter) (D:15)
  4 redbacks (Lair:3)
  2 shadows
  3 wraiths (D:12)
  3 wyverns
  41 yaks
  4 spriggans
  Grum (D:10)
  A vampire (D:13)
  A hog (D:13)
  5 basilisks
  An iron troll simulacrum (IceCv)
  8 wargs
  19 vampire mosquitoes
  A harpy simulacrum (IceCv)
  8 swamp worms
  3 acid dragons
  18 water moccasins
  12 porcupines
  2 hydra simulacra (IceCv)
  A slave (D:8)
  44 orc warriors
  2 phantoms
  2 sky beasts
  3 ice beasts
  3 swamp drakes
  14 wolves
  3 ettin simulacra (IceCv)
  The ghost of ceb the Bolt Thrower, an amateur DsHu (D:3)
  26 centaurs
  10 crocodiles
  19 ogres
  5 big kobolds
  34 bullfrogs
  5 scorpions
  A water moccasin skeleton (D:7)
  14 killer bees
  3 wights (D:14)
  3 howler monkeys
  An electric eel (Lair:6)
  4 crimson imps
  A centaur zombie (D:12)
  11 jellies
  2 quasits
  11 orc wizards
  27 orc priests
  3 hounds
  An iron imp (D:9)
  A bullfrog skeleton (D:11)
  5 centaur skeletons
  Ijyb (D:3)
  Jessica (D:2)
  3 iguanas (D:5)
  14 worker ants
  A hound skeleton (D:4)
  2 howler monkey skeletons
  18 adders
  2 shadow imps
  6 oozes
  An adder zombie (D:9)
  An adder skeleton (D:9)
  2 worms (D:3)
  3 dart slugs
  3 leopard geckos
  133 orcs
  A ball python (D:3)
  5 bats
  10 giant cockroaches
  10 goblins
  7 hobgoblins
  9 jackals
  4 quokkas
  5 frilled lizards
  A goblin skeleton (D:9)
  3 goblin zombies (D:9)
  5 hobgoblin zombies (D:9)
  16 kobolds
  A kobold skeleton (D:9)
  A kobold zombie (D:9)
  A leopard gecko skeleton (D:8)
  An orc skeleton (D:9)
  5 rats
959 creatures vanquished.

Vanquished Creatures (collateral kills)
  4 vault guards (D:13)
  A cyclops (D:14)
  A tyrant leech (Lair:6)
  A troll (D:14)
  A bog body (Swamp:4)
  2 slime creatures (Swamp:2)
  A meliai zombie (D:14)
  2 vampire mosquitoes (Swamp:4)
  4 hogs (D:13)
  An orc warrior (D:13)
  An ice beast (D:14)
  A centaur (D:14)
  A bullfrog (Lair:6)
  2 wights (D:14)
  2 orcs (D:13)
25 creatures vanquished.

Vanquished Creatures (others)
  An ice statue (IceCv)
  5 dream sheep (Lair:1)
  A human (D:5)
  A jelly (D:8)
  2 ball lightnings
  An orc (Orc:2)
  A quokka (D:8)
  5 fungi
  41 plants
58 creatures vanquished.

Grand Total: 1042 creatures vanquished

Notes
Turn   | Place    | Note
-------+----------+-------------------------------------------
     0 | D:1      | hilaritas the Hill Orc Berserker began the quest for the Orb.
     0 | D:1      | Reached XP level 1. HP: 19/19 MP: 1/1
   474 | D:1      | Reached XP level 2. HP: 26/26 MP: 2/2
   716 | D:1      | Reached skill level 5 in Axes
  1209 | D:2      | Reached XP level 3. HP: 24/31 MP: 3/3
  1690 | D:2      | Reached XP level 4. HP: 35/39 MP: 4/4
  1784 | D:2      | Reached ** piety under Trog
  2232 | D:2      | Noticed Jessica
  2246 | D:2      | Killed Jessica
  2246 | D:2      | Reached XP level 5. HP: 11/45 MP: 5/5
  2522 | D:3      | Noticed ceb's ghost (amateur DsHu)
  2544 | D:3      | Killed ceb's ghost
  2704 | D:3      | Reached XP level 6. HP: 44/51 MP: 6/6
  2919 | D:3      | Found a stormy altar of Qazlal.
  3265 | D:3      | Noticed Ijyb
  3275 | D:3      | Killed Ijyb
  3581 | D:3      | Found an opulent altar of Gozag.
  3581 | D:3      | Found a shattered altar of Ashenzari.
  3667 | D:4      | Found a staircase to the Ecumenical Temple.
  3785 | D:4      | Found an iron altar of Okawaru.
  3858 | D:4      | Reached *** piety under Trog
  4084 | D:4      | Found an ancient bone altar of Kikubaaqudgha.
  4089 | D:4      | Noticed a phantom
  4097 | D:4      | Reached skill level 10 in Axes
  4097 | D:4      | Reached XP level 7. HP: 42/57 MP: 7/7
  4541 | D:5      | Entered Level 5 of the Dungeon
  4604 | D:5      | Reached skill level 5 in Fighting
  4949 | D:5      | Reached XP level 8. HP: 64/69 MP: 8/8
  5615 | D:5      | Reached skill level 5 in Armour
  6196 | D:5      | Found an ancient bone altar of Kikubaaqudgha.
  6334 | D:6      | Found Akhlog's Food Boutique.
  6569 | D:6      | Reached **** piety under Trog
  6770 | D:6      | Reached XP level 9. HP: 56/82 MP: 9/9
  7380 | D:7      | Found a sacrificial altar of Ru.
  8514 | D:8      | Noticed Maurice
  8542 | D:8      | Killed Maurice
  8542 | D:8      | Reached skill level 10 in Fighting
  8585 | D:8      | Noticed a troll
  8598 | D:8      | Killed a troll
  8909 | D:8      | Reached XP level 10. HP: 68/93 MP: 10/10
  9136 | D:8      | Found a burning altar of Makhleb.
  9137 | D:8      | Noticed Pikel
  9164 | D:8      | Killed Pikel
  9634 | D:8      | Reached skill level 10 in Armour
  9668 | D:8      | Reached skill level 1 in Maces & Flails
  9880 | D:9      | Reached ***** piety under Trog
 10104 | D:9      | Found a glowing golden altar of the Shining One.
 10206 | D:9      | Found a blossoming altar of Fedhas.
 10274 | D:9      | Found a shadowy altar of Dithmenos.
 10316 | D:9      | Noticed a two-headed ogre
 10327 | D:9      | Killed a two-headed ogre
 10327 | D:9      | Reached skill level 5 in Maces & Flails
 10689 | D:9      | Found a radiant altar of Vehumet.
 10755 | D:9      | Received a gift from Trog
 10880 | D:9      | Found a staircase to the Lair.
 10908 | D:9      | Found a radiant altar of Vehumet.
 11169 | D:10     | Entered Level 10 of the Dungeon
 11272 | D:10     | Reached XP level 11. HP: 98/100 MP: 3/11
 11276 | D:10     | Noticed Grum
 11277 | D:10     | Noticed a seven-headed hydra
 11292 | D:10     | Killed a seven-headed hydra
 11301 | D:10     | Killed Grum
 12244 | D:11     | Noticed a manticore
 12253 | D:11     | Killed a manticore
 12253 | D:11     | Reached skill level 5 in Dodging
 12375 | D:11     | Killed an unseen horror
 12500 | D:11     | Found a staircase to the Orcish Mines.
 13200 | D:11     | Noticed a cyclops
 13216 | D:11     | Killed a cyclops
 13415 | D:12     | Noticed an eight-headed hydra
 13422 | D:11     | Killed an eight-headed hydra
 13608 | D:12     | Noticed Fannar
 13608 | D:12     | Noticed Frances
 13721 | Lair:1   | Entered Level 1 of the Lair of Beasts
 13754 | Lair:1   | Reached skill level 1 in Shields
 13870 | Lair:1   | Noticed Harold
 13885 | Lair:1   | Killed Harold
 13885 | Lair:1   | Reached skill level 2 in Shields
 13885 | Lair:1   | Reached XP level 12. HP: 47/113 MP: 1/12
 14280 | Lair:1   | Reached skill level 3 in Shields
 14542 | Lair:1   | Reached skill level 4 in Shields
 14666 | Lair:1   | Found a shimmering altar of Xom.
 15034 | Lair:2   | Reached skill level 5 in Shields
 15079 | Lair:2   | Noticed a death yak
 15080 | Lair:2   | Noticed a death yak
 15085 | Lair:2   | Noticed a death yak
 15100 | Lair:2   | Killed a death yak
 15101 | Lair:2   | Noticed a death yak
 15118 | Lair:2   | Killed a death yak
 15128 | Lair:2   | Killed a death yak
 15128 | Lair:2   | Reached skill level 6 in Shields
 15144 | Lair:2   | Killed a death yak
 15391 | Lair:2   | Found a snail-covered altar of Cheibriados.
 15398 | Lair:2   | Got a slimy hand axe
 15399 | Lair:2   | Identified the +11 hand axe "Ynuil" {venom, *Contam +Fly rC+ rN+} (You found it on level 2 of the Lair of Beasts)
 15919 | Lair:3   | Noticed an eight-headed hydra
 15927 | Lair:3   | Reached skill level 7 in Shields
 15937 | Lair:3   | Killed an eight-headed hydra
 16045 | Lair:3   | Noticed a death yak
 16145 | Lair:3   | Killed a death yak
 16145 | Lair:3   | Reached skill level 8 in Shields
 16384 | Lair:3   | Reached XP level 13. HP: 109/125 MP: 3/13
 16680 | Lair:3   | Received a gift from Trog
 16680 | Lair:3   | Reached skill level 9 in Shields
 17151 | Lair:3   | Reached skill level 10 in Shields
 17483 | Lair:3   | Found a hole to the Spider Nest.
 17948 | Lair:4   | Found a staircase to the Swamp.
 18004 | Lair:4   | Reached skill level 15 in Fighting
 18142 | Lair:4   | Got a crude chain mail
 18154 | Lair:4   | Identified the +3 chain mail "Cioll" {*Drain rN+++ Dex-2} (You found it on level 4 of the Lair of Beasts)
 18544 | Lair:4   | Reached ****** piety under Trog
 18619 | Lair:4   | Reached skill level 11 in Shields
 18626 | Lair:4   | Reached skill level 10 in Maces & Flails
 19033 | Lair:4   | Received a gift from Trog
 19400 | Lair:5   | Got a pair of jewelled boots
 19411 | Lair:5   | Identified the +1 pair of boots of the Hanged Man {Int+2} (You found it on level 5 of the Lair of Beasts)
 19561 | Lair:5   | Reached XP level 14. HP: 117/135 MP: 4/14
 19760 | Lair:5   | Found a staircase to the Slime Pits.
 20261 | Lair:5   | Reached skill level 12 in Shields
 20267 | Lair:6   | Entered Level 6 of the Lair of Beasts
 20731 | Lair:6   | Noticed Elmdore's ghost (journeyman GrEE)
 20809 | Lair:6   | Killed Elmdore's ghost
 20833 | Lair:6   | Reached skill level 13 in Shields
 20854 | Lair:6   | Received a gift from Trog
 21879 | Lair:6   | Reached skill level 14 in Shields
 22920 | D:12     | Noticed Urug
 22944 | D:12     | Killed Urug
 22944 | D:12     | Received a gift from Trog
 22944 | D:12     | Reached XP level 15. HP: 113/145 MP: 3/15
 23269 | D:12     | Reached skill level 15 in Shields
 23287 | D:12     | Found Hostrit's Food Shop.
 23308 | D:12     | Noticed Josephine
 23337 | D:12     | Killed Josephine
 23879 | D:13     | Found a gate to the Vaults.
 23885 | D:13     | Noticed Kirke
 23926 | D:13     | Received a gift from Trog
 23931 | D:13     | Banished Kirke
 23954 | D:13     | Reached skill level 16 in Shields
 25573 | D:14     | Received a gift from Trog
 25686 | D:14     | Reached skill level 17 in Shields
 25831 | D:15     | Entered Level 15 of the Dungeon
 25905 | D:15     | Received a gift from Trog
 25906 | D:15     | Noticed Roxanne
 26046 | D:15     | Killed Roxanne
 26074 | D:15     | Noticed Agnes
 26090 | D:15     | Killed Agnes
 26090 | D:15     | Reached XP level 16. HP: 94/155 MP: 4/16
 26392 | D:15     | Found a staircase to the Depths.
 27236 | D:15     | Reached skill level 18 in Shields
 27426 | Orc:1    | Entered Level 1 of the Orcish Mines
 27466 | Orc:1    | Noticed Regeox's ghost (novice MiBe)
 27487 | Orc:1    | Killed Regeox's ghost
 28142 | Orc:1    | Found Paohetiu's Magic Scroll Shoppe.
 28151 | Orc:1    | Bought a scroll of acquirement for 728 gold pieces
 28152 | Orc:1    | Got a heavily runed ruby amulet
 28153 | Orc:1    | Identified the amulet of Tohuogann {Reflect rC+ MP+9 SH+2 SInv} (You acquired it on level 1 of the Orcish Mines)
 28227 | Orc:1    | Received a gift from Trog
 28482 | Orc:2    | Entered Level 2 of the Orcish Mines
 29160 | Orc:2    | Found a staircase to the Elven Halls.
 29248 | Orc:2    | Received a gift from Trog
 29366 | Orc:2    | Found a roughly hewn altar of Beogh.
 29476 | Orc:2    | Found Piro's Food Boutique.
 29519 | Orc:2    | Found Ecsu's Gadget Shop.
 29954 | Swamp:1  | Entered Level 1 of the Swamp
 29961 | Swamp:1  | Reached skill level 19 in Shields
 30897 | Swamp:2  | Found a frozen archway.
 30987 | IceCv    | Entered an ice cave
 31782 | IceCv    | Got a faintly glowing scale mail
 31783 | IceCv    | Identified the +6 scale mail of the Guilds {Stlth+} (You found it in an ice cave)
 32102 | IceCv    | Reached XP level 17. HP: 136/165 MP: 8/17
 32553 | Swamp:2  | Noticed Louise
 32569 | Swamp:2  | Killed Louise
 32689 | Swamp:2  | Received a gift from Trog
 32759 | Swamp:2  | Found a blossoming altar of Fedhas.
 32771 | Swamp:2  | Noticed Jorgrun
 32794 | Swamp:2  | Killed Jorgrun
 32794 | Swamp:2  | Reached skill level 20 in Shields
 34621 | Swamp:4  | Entered Level 4 of the Swamp
 34956 | Swamp:4  | HP: 5/166 [poisoned by a swamp dragon (poison gas)]
 34957 | Swamp:4  | Slain by an eight-headed hydra

Skill      XL: |  1  2  3  4  5  6  7  8  9 10 11 12 13 14 15 16 17 |
---------------+----------------------------------------------------+-----
Axes           | 5 6 7 8 10 | 10.1
Fighting       | 5 8 10 12 14 15 16 17 18 | 18.5
Armour         | 4 6 9 10 | 10.2
Dodging        | 2 3 6 |  6.2
Maces & Flails | 7 8 10 11 | 11.0
Shields        | 2 8 11 14 17 19 20 | 20.6

Action                   |  1- 3 |  4- 6 |  7- 9 | 10-12 | 13-15 | 16-18 || total
-------------------------+-------+-------+-------+-------+-------+-------++-------
Melee: Hand axe          |    77 |   232 |   503 |    42 |       |       ||   854
       Demon whip        |       |       |       |   733 |  1569 |  1293 ||  3595
Throw: Tomahawk          |       |       |       |     1 |       |       ||     1
       Javelin           |       |       |       |       |     1 |       ||     1
Invok: Berserk           |     1 |     2 |     1 |     1 |     3 |     2 ||    10
       Trog's Hand       |       |     1 |     1 |     1 |     3 |     5 ||    11
       Brothers in Arms  |       |       |       |       |     1 |     2 ||     3
  Use: Scroll            |       |    10 |     5 |    18 |     3 |     9 ||    45
       Potion            |       |       |       |       |     3 |     1 ||     4
 Stab: Petrified         |       |       |       |       |     8 |       ||     8
       Paralysed         |       |       |       |       |     2 |       ||     2
       Confused          |       |       |       |       |       |     1 ||     1
  Eat: Chunk             |     1 |    12 |    16 |    25 |    35 |    19 ||   108
       Fruit             |     1 |       |       |     1 |     1 |    16 ||    19
Armor: Animal skin       |     3 |       |       |       |       |       ||     3
       Ring mail         |    16 |    65 |       |       |       |       ||    81
       Scale mail        |       |    11 |   112 |       |       |       ||   123
       Chain mail        |       |       |    30 |    66 |   294 |   208 ||   598
       Skin              |       |       |     5 |       |       |       ||     5
       Plate armour      |       |       |       |   194 |   102 |       ||   296
Dodge: Dodged            |    41 |   129 |   246 |   303 |   256 |   154 ||  1129
Block: Large shield      |       |       |       |   153 |  1088 |   924 ||  2165
       Reflection        |       |       |       |       |       |    14 ||    14
